AoeStats
← An

Fortress

510185350Analyzed
4v4 RM · 14h ago on Sep 29, 2026· 52m 52s· 8 players
Game mode
Random Map
Map size
Huge
Population
200
Speed
Normal
Resources
Standard
Victory
Conquest
Starting age
Dark Age
Ending age
Imperial Age
RankedLock teamsTeams togetherTeam positionsShared explorationLock speedFull tech treeHidden civsTurbo modeCheats
Victory
Defeat
🇦🇷 Mongols · Argentina
905
+14
🇵🇪 Lithuanians · Peru
888
+14
🇨🇱 Celts · Chile
876
+15
🇭🇺 Goths · Hungary
867
+15
🇨🇳 Huns · China
898
-16
🇨🇳 Huns · China
850
-14
🇪🇸 Franks · Spain
836
-14
🇺🇸 Britons · United States
832
-14
TILONXO
7:12 Feudal Age
6:40 Loom
7:43 Double-Bit Axe
10:05 Horse Collar
17:00 Castle Age
23:44 Caravan
24:23 Forging
24:14 Scale Mail Armor
25:17 Fervor
29:33 Arson
29:37 Gambesons
32:26 Wheelbarrow
31:48 Pikeman
31:49 Man-at-Arms
34:12 Iron Casting
33:52 Chain Mail Armor
34:19 Fletching
34:31 Padded Archer Armor
39:33 Bodkin Arrow
39:54 Leather Archer Armor
44:01 Imperial Age
46:19 Fortified Wall
46:30 Ballistics
47:10 Chemistry
47:39 Bow Saw
47:45 Masonry
47:31 Murder Holes
48:56 Heavy Plow
49:01 Light Cavalry
49:01 Cavalier
49:42 Husbandry
49:51 Scale Barding Armor
50:46 Blast Furnace
50:36 Hoardings
50:24 Conscription
51:39 Chain Barding Armor
53:14 Hand Cart
52:45 Town Watch
OSITOCRACKYT
8:39 Feudal Age
9:00 Loom
9:49 Loom
13:44 Castle Age
12:11 Horse Collar
12:19 Double-Bit Axe
14:04 Scale Barding Armor
14:42 Forging
14:48 Bloodlines
16:14 Husbandry
19:03 Gold Mining
23:15 Fervor
28:09 Bow Saw
31:57 Imperial Age
30:21 Chain Barding Armor
34:11 Iron Casting
34:11 Plate Barding Armor
33:04 Elite Leitis
37:56 Conscription
39:32 Herbal Medicine
39:59 Ballistics
40:40 Chemistry
40:04 Ballistics
39:47 Light Cavalry
41:00 Winged Hussar
41:34 Fletching
44:10 Treadmill Crane
48:51 Heavy Plow
49:59 Two-Man Saw
adHoc
6:37 Feudal Age
10:47 Castle Age
8:41 Double-Bit Axe
17:54 Squires
18:50 Wheelbarrow
18:41 Scale Mail Armor
19:52 Horse Collar
20:25 Bow Saw
21:50 Forging
21:57 Chain Mail Armor
22:40 Anarchy
24:18 Iron Casting
25:13 Hand Cart
26:25 Heavy Plow
25:56 Pikeman
30:54 Imperial Age
28:48 Town Watch
30:58 Capped Ram
31:41 Elite Huskarl
32:32 Halberdier
34:20 Blast Furnace
40:27 Conscription
52:34 Chemistry
51:30 Heated Shot
51:54 Town Patrol
52:36 Husbandry
monkeytoysjugueteria
1:35 Loom
7:38 Feudal Age
8:32 Town Watch
10:46 Horse Collar
15:36 Castle Age
14:23 Double-Bit Axe
14:35 Gold Mining
14:39 Stone Mining
15:44 Padded Archer Armor
18:14 Wheelbarrow
17:58 Leather Archer Armor
18:09 Bow Saw
21:03 Heavy Plow
23:18 Hand Cart
23:38 Elite Skirmisher
28:38 Imperial Age
26:53 Husbandry
27:05 Bloodlines
27:09 Scale Barding Armor
28:13 Thumb Ring
28:58 Gold Shaft Mining
28:55 Capped Ram
29:33 Fletching
31:27 Parthian Tactics
31:34 Conscription
33:15 Siege Ram
34:28 Drill
33:58 Heavy Camel Rider
36:19 Elite Mangudai
38:06 Chemistry
39:10 Ballistics
48:49 Fortified Wall
48:34 Murder Holes
50:04 Stone Shaft Mining
50:13 Caravan
52:05 Chain Barding Armor
51:57 Forging
TTVSeanyBoyHoops
7:26 Feudal Age
11:44 Castle Age
9:56 Horse Collar
11:20 Double-Bit Axe
13:06 Bow Saw
14:00 Heavy Plow
16:38 Wheelbarrow
17:22 Gold Mining
18:24 Loom
19:18 Hand Cart
22:34 Gold Shaft Mining
22:46 Fletching
23:14 Town Watch
23:32 Bodkin Arrow
23:38 Padded Archer Armor
25:17 Leather Archer Armor
28:05 Imperial Age
26:14 Fortified Wall
26:38 Ballistics
26:30 Pikeman
27:13 Squires
27:44 Forging
27:34 Scale Mail Armor
29:13 Iron Casting
29:21 Bracer
29:19 Elite Longbowman
31:22 Conscription
31:50 Ring Archer Armor
33:11 Chemistry
32:15 Halberdier
36:31 Blast Furnace
35:47 Chain Mail Armor
37:27 Scale Barding Armor
41:48 Stone Mining
43:30 Plate Mail Armor
44:33 Two-Man Saw
46:31 Yeomen
卢本伟
9:27 Feudal Age
13:09 Castle Age
12:10 Horse Collar
12:16 Double-Bit Axe
14:14 Heavy Plow
14:26 Bow Saw
19:37 Wheelbarrow
21:31 Loom
22:04 Hand Cart
sentoginerzarra
1:02 Loom
8:01 Feudal Age
9:35 Wheelbarrow
8:48 Double-Bit Axe
8:55 Stone Mining
9:00 Gold Mining
17:35 Castle Age
17:04 Forging
17:00 Scale Barding Armor
19:47 Hand Cart
21:34 Bow Saw
25:27 Husbandry
25:43 Light Cavalry
30:40 Gold Shaft Mining
30:38 Chain Barding Armor
30:56 Iron Casting
32:53 Fortified Wall
35:31 Imperial Age
33:27 Scale Mail Armor
33:27 Murder Holes
36:48 Plate Barding Armor
37:16 Blast Furnace
36:31 Chain Mail Armor
35:48 Cavalier
37:06 Conscription
36:58 Heavy Scorpion
38:46 Chemistry
37:22 Paladin
42:23 Plate Mail Armor
41:57 Chivalry
45:41 Fletching
An
8:51 Feudal Age
13:12 Castle Age
12:19 Double-Bit Axe
15:45 Marauders
16:13 Bow Saw
21:22 Horse Collar
27:17 Imperial Age
26:11 Gold Mining
27:39 Forging
27:34 Scale Barding Armor
28:28 Husbandry
28:39 Bloodlines
28:31 Elite Tarkan
30:31 Iron Casting
30:17 Chain Barding Armor
30:58 Heavy Plow
32:23 Blast Furnace
32:54 Plate Barding Armor
33:35 Wheelbarrow
Connection lost

Rejoining the realm…

Still unreachable

The connection could not be restored.

Session expired

The server has moved on; the page needs a fresh start.